 Dungeon Crawl Stone Soup version 0.28-a0-1567-g1695149f81 (webtiles) character file.

Game seed: 7146006711183363592

68 Pin the Chopper (level 4, 0/40 HPs)
             Began as a Hill Orc Monk on Jan 20, 2022.
             Slain by an orc wizard (4 damage)
             ... on level 4 of the Dungeon.
             The game lasted 00:03:50 (2772 turns).

Pin the Chopper (Hill Orc Monk)                     Turns: 2772, Time: 00:03:51

Health: 0/40       AC:  3    Str: 15    XL:     4   Next: 19%
Magic:  4/4        EV: 12    Int: 10    God:
Gold:   67         SH:  0    Dex: 13    Spells: 3/3 levels left

rFire   . . .      SeeInvis .   a - +0 hand axe
rCold   . . .      Faith    .   (no shield)
rNeg    + . .      Spirit   .   i - +0 leather armour
rPois   .          Reflect  .   (no helmet)
rElec   .          Harm     .   (no cloak)
rCorr   .          Rampage  .   (no gloves)
Will    .....                   (no boots)
Stlth   ++........              (no amulet)
HPRegen 0.13/turn               b - ring of positive energy
MPRegen 0.09/turn               (no ring)

@: no status effects
A: no striking features
a: no special abilities


You were on level 4 of the Dungeon.
You visited 1 branch of the dungeon, and saw 4 of its levels.

You collected 67 gold pieces.

Inventory:

Hand Weapons
 a - a +0 hand axe (weapon)
Armour
 i - a +0 leather armour (worn)
Jewellery
 b - a ring of positive energy (left hand)
Scrolls
 c - a scroll of fear {unknown}
 d - 2 scrolls of noise {unknown}
 e - 3 scrolls of identify {unknown}
 h - 3 scrolls of teleportation {unknown}
Potions
 f - a potion of brilliance {unknown}
 g - a potion of magic {unknown}
 j - a potion of curing {unknown}


   Skills:
 + Level 3.7 Fighting
 - Level 4.0 Axes
 + Level 4.0 Armour
 - Level 2.4 Dodging
 - Level 1.5 Stealth


You had 3 spell levels left.
You didn't know any spells.
Your spell library contained the following spells:

 Spells                   Type           Power      Damage    Failure   Level
 Magic Dart               Conj           0%         1d3       43%         1
 Summon Small Mammal      Summ           0%         N/A       43%         1
 Call Imp                 Summ           0%         N/A       56%         2
 Call Canine Familiar     Summ           0%         N/A       80%         3
 Mephitic Cloud           Conj/Pois/Air  0%         N/A       80%         3
 Summon Guardian Golem    Hex/Summ       0%         N/A       80%         3


Dungeon Overview and Level Annotations

Branches:
Dungeon (4/15)
 Temple: D:4-7

Altars:


Message History

The orc wizard is lightly wounded.
The orc wizard casts a spell.
The orc wizard flickers and vanishes!
Deactivating autopickup; reactivate with Ctrl-A.
You hit something but do no damage. Something hits you.
You miss something. Something hits you.
You miss something. Something hits you.
You barely miss something. Something hits you.
You miss something.
You hear some strange, mumbled words.
A magic dart appears from out of thin air!
The magic dart hits you.
You hit the orc but do no damage. You hit the orc but do no damage.
The orc hits you but does no damage. The orc closely misses you.
You hit the orc.
The orc is moderately wounded.
The orc hits you with a +0 dagger.
You hit the orc but do no damage.
The orc is moderately wounded.
The orc hits you with a +0 dagger.
You hit the orc.
The orc is almost dead.
The orc hits you but does no damage.
You hit the orc but do no damage.
The orc is almost dead.
The orc hits you with a +0 dagger.
You hit the orc.
You kill the orc!
You miss something. Something hits you.
You hit something but do no damage. Something hits you.
You hit something.
You hear some strange, mumbled words.
A magic dart appears from out of thin air!
The magic dart hits you.
* * * LOW HITPOINT WARNING * * *
You miss something. Something hits you but does no damage. Something hits you.
* * * LOW HITPOINT WARNING * * *
You closely miss something. Something hits you.
You die...

#.
#..
..
..
.###
..#
#)#
#@#
#{#
#.#
#.#
#.#
[.#
###


There were no monsters in sight!

Vanquished Creatures
  2 adders
  2 worms (D:2)
  A dart slug (D:1)
  2 orcs (D:4)
  3 ball pythons
  5 endoplasms
  A giant cockroach (D:1)
  3 goblins
  3 hobgoblins (D:2)
  5 kobolds
  A quokka (D:1)
  4 bats
  3 frilled lizards
  7 rats
42 creatures vanquished.

Notes
Turn   | Place    | Note
-------+----------+-------------------------------------------
     0 | D:1      | Pin the Hill Orc Monk began the quest for the Orb.
     0 | D:1      | Reached XP level 1. HP: 19/19 MP: 1/1
    99 | D:1      | Reached skill level 1 in Armour
   261 | D:1      | Reached XP level 2. HP: 25/26 MP: 2/2
   792 | D:2      | Reached XP level 3. HP: 14/31 MP: 3/3
  2486 | D:3      | Reached XP level 4. HP: 27/39 MP: 4/4
  2648 | D:3      | Found a faded altar of an unknown god.
  2772 | D:4      | Slain by an orc wizard

Illustrated notes

Levels and vault maps discovered:
D:1:      ebering_trefoil_3fold, layout_basic
D:2:      layout_basic, serial_rivers, chequers_serial_rivers_micro_d,
          chequers_serial_rivers_micro_d, chequers_serial_rivers_small_b,
          chequers_serial_rivers_micro_e, chequers_serial_rivers_large_b,
          chequers_serial_rivers_micro_a
D:3:      layout_basic, nicolae_ru_the_path_less_chosen, old_standard_altar,
          serial_shops, nicolae_shop_trees,
          hellmonk_ecumenical_altar_arch_garden
D:4:      layout_basic, mainiacjoe_overflow_alcove_4, lightli_sewer_entry_pipes

Skill      XL: |  1  2  3  4 |
---------------+-------------+-----
Armour         | 1 3 4 |  4.0
Fighting       | |  3.7
Axes           | |  4.0
Dodging        | |  2.4
Stealth        | |  1.5

Action                   |  1- 3 |  4- 6 || total
-------------------------+-------+-------++-------
Melee: Hand axe          |   137 |    30 ||   167
 Stab: Sleeping          |     2 |     1 ||     3
Armor: Robe              |    16 |       ||    16
       Leather armour    |     4 |     5 ||     9
Dodge: Dodged            |   102 |     7 ||   109

Table legend: (Time is in decaauts)
 A = Elapsed time spent in this place.
 B = Non-inter-level travel time spent in this place.
 C = Inter-level travel time spent in this place.
 D = Time resting spent in this place.
 E = Time spent auto-exploring this place.
 F = Levels seen in this place.
 G = Mean time per level.
                   A        B        C        D        E       F      G
               +--------+--------+--------+--------+--------+-----+--------+
         Total |   2813 |   2756 |     57 |    467 |   1889 |   4 |  703.2 |
       Dungeon |   2813 |   2756 |     57 |    467 |   1889 |   4 |  703.2 |
               +--------+--------+--------+--------+--------+-----+--------+

Top non-repeatable levels by time:
     D:2: 1701 daAuts
     D:1: 785 daAuts
     D:3: 304 daAuts
     D:4: 22 daAuts
